 Dungeon Crawl Stone Soup version 0.30-a0-359-gd0147acb1a (webtiles) character file.

Game seed: 11911998553878264319

323 pokeman the Magician (level 6, -6/30 HPs)
             Began as a Deep Elf Hedge Wizard on Nov 11, 2022.
             Mangled by Duvessa
             ... wielding a +0 short sword
              (7 damage)
             ... on level 4 of the Dungeon.
             The game lasted 00:07:52 (3386 turns).

pokeman the Magician (Deep Elf Hedge Wizard)        Turns: 3386, Time: 00:07:53

Health: -6/30      AC:  5    Str:  7    XL:     6   Next: 23%
Magic:  0/17       EV: 12    Int: 21    God:
Gold:   163        SH:  0    Dex: 14    Spells: 10/18 levels left

rFire   . . .      SeeInvis .    o - +0 glaive (venom)
rCold   . . .      Faith    .    (shield currently unavailable)
rNeg    + . .      Spirit   .    m - +0 leather armour
rPois   .          Reflect  .    c - +0 hat
rElec   .          Harm     .    g - +0 cloak
rCorr   .          Rampage  .    (no gloves)
Will    .....                    (no boots)
Stlth   ++........               (no amulet)
HPRegen 0.25/turn                j - ring of positive energy
MPRegen 0.15/turn                (no ring)

@: lethally poisoned (-6 -> -7), very slightly contaminated
A: deterioration 1, frail 1, shaggy fur 1
a: no special abilities


You were on level 4 of the Dungeon.
You visited 1 branch of the dungeon, and saw 4 of its levels.

You collected 163 gold pieces.

Inventory:

Hand Weapons
 o - a +0 glaive of venom (weapon)
Armour
 c - a +0 hat (worn)
 g - a +0 cloak (worn)
 m - a +0 leather armour (worn)
 n - a +0 buckler
Jewellery
 j - a ring of positive energy (left hand)
Wands
 p - a wand of polymorph (2)
Scrolls
 a - a scroll of torment {unknown}
 f - 5 scrolls of identify {unknown}
 i - a scroll of fear {unknown}
 q - 3 scrolls of teleportation {unknown}
 r - a scroll of poison {unknown}
 u - a scroll of immolation {unknown}
Potions
 d - 3 potions of magic
 e - 2 potions of invisibility {unknown}
 h - a potion of flight {unknown}
 k - a potion of resistance {unknown}
 l - a potion of curing {unknown}
 s - a potion of haste {unknown}
 t - a potion of heal wounds {unknown}


   Skills:
 - Level 1.0 Fighting
 - Level 1.0 Armour
 - Level 3.0 Dodging
 + Level 3.3 Stealth
 - Level 1.0 Shields
 * Level 6.9 Spellcasting
 + Level 3.1 Conjurations
 - Level 1.1 Summonings
 - Level 1.1 Translocations
 + Level 1.3 Air Magic


You had 10 spell levels left.
You knew the following spells:

 Your Spells              Type           Power      Damage    Failure   Level
a - Magic Dart            Conj           80%        1d7       3%          1
b - Mephitic Cloud        Conj/Pois/Air  13%        N/A       22%         3
c - Call Imp              Summ           11%        N/A       12%         2
d - Blink                 Tloc           22%        N/A       12%         2

Your spell library contained the following spells:

 Spells                   Type           Power      Damage    Failure   Level
 Slow                     Hex            28%        N/A       13%         1
 Cigotuvi's Dreadful Rot  Necr/Pois/Air  18%        N/A       17%         2
 Frozen Ramparts          Ice            14%        1d3       36%         3
 Animate Armour           Summ/Erth      18%        N/A       71%         4
 Summon Ice Beast         Ice/Summ       9%         N/A       71%         4
 Ice Form                 Ice/Tmut       7%         N/A       78%         4
 Blade Hands              Tmut           3%         N/A       98%         5
 Iron Shot                Conj/Erth      6%         9d2       100%        6


Dungeon Overview and Level Annotations

Branches:
Dungeon (4/15)
 Temple: D:4-7

Altars:
Kikubaaqudgha

Shops:
D:3 (   D:4 *

Annotations:
D:4 Dowan, Duvessa


Innate Abilities, Weirdness & Mutations

Your body sometimes deteriorates upon taking damage.
You are frail. (-10% HP)
You are covered in fur. (AC +1)


Message History

The water moccasin is almost dead.
Dowan shouts!
* * * LOW HITPOINT WARNING * * *
You feel sick. The water moccasin closely misses you.
Casting: Magic Dart (safe; 4% risk of failure)
Confirm with . or Enter, or press ? or * to list all spells.
Aiming: Magic Dart (safe; 4% risk of failure)
Press: ? - help, Shift-Dir - straight line, f/p - water moccasin
Aim: a water moccasin (almost dead, 100% to hit)
The magic dart hits the water moccasin.
The water moccasin is almost dead.
* * * LOW HITPOINT WARNING * * *
You feel sick. The water moccasin bites you.
* * * LOW HITPOINT WARNING * * *
Casting: Magic Dart (safe; 4% risk of failure)
Confirm with . or Enter, or press ? or * to list all spells.
Aiming: Magic Dart (safe; 4% risk of failure)
Press: ? - help, Shift-Dir - straight line, f/p - water moccasin
Aim: a water moccasin (almost dead, 100% to hit)
The magic dart hits the water moccasin.
You kill the water moccasin!
* * * LOW HITPOINT WARNING * * *
You feel sick.
Your Stealth skill increases to level 3!
Your Conjurations skill increases to level 3!
Your Air Magic skill increases to level 1!
You have reached level 6!
It was a potion of mutation.
You feel extremely strange. Fur sprouts all over your body.
You feel yourself wasting away.
You feel frail.
You feel stable enough to blink again.
* * * LOW HITPOINT WARNING * * *
You feel sick. The dart slug barely misses you.
Casting: Magic Dart (safe; 3% risk of failure)
Confirm with . or Enter, or press ? or * to list all spells.
You miscast Blink.
You are very lightly contaminated with residual magic.
Nothing appears to happen.
* * * LOW HITPOINT WARNING * * *
You feel sick. Duvessa hits you with a +0 short sword!
You die...

#####...##.. .. ..
###......###(. . ..
###...####..##.. # #.#.
#....## #..##..
..##.#.......## #...#..
.....e.##...... #.#.##.
#......#........ .#.#..
##....e...#..~.~.#.#.#..
......w@....~.~..#.#.#..
......##....~......#....
..... ####.............
.#∩. ... #...... ## #
....... #....^. #......
##...#. ## #..##.


You could see Duvessa, Dowan and a dart slug.

Vanquished Creatures
  A water moccasin (D:4)
  2 iguanas (D:4)
  Terence (D:3)
  An orc wizard (D:3)
  3 gnolls
  An adder (D:3)
  2 dart slugs
  5 orcs
  An endoplasm (D:3)
  A giant cockroach (D:2)
  6 goblins
  6 hobgoblins
  10 jackals
  A quokka (D:2)
  3 ball pythons
  5 bats
  2 frilled lizards
  5 rats
56 creatures vanquished.

Vanquished Creatures (collateral kills)
  A gnoll (D:2)
1 creature vanquished.

Grand Total: 57 creatures vanquished

Notes
Turn   | Place    | Note
-------+----------+-------------------------------------------
     0 | D:1      | pokeman the Deep Elf Hedge Wizard began the quest for the
                  | Orb.
     0 | D:1      | Reached XP level 1. HP: 10/10 MP: 7/7
   474 | D:1      | Reached XP level 2. HP: 16/16 MP: 4/9
  1541 | D:2      | Reached skill level 5 in Spellcasting
  1688 | D:2      | Reached XP level 3. HP: 20/20 MP: 4/11
  1692 | D:2      | Learned a level 3 spell: Mephitic Cloud
  1695 | D:2      | Learned a level 2 spell: Call Imp
  1698 | D:2      | Learned a level 2 spell: Blink
  2093 | D:3      | Reached skill level 1 in Fighting
  2093 | D:3      | Reached skill level 1 in Armour
  2316 | D:3      | Reached XP level 4. HP: 25/25 MP: 7/13
  2716 | D:3      | Found an ancient bone altar of Kikubaaqudgha.
  2807 | D:3      | Found Arheu's Antique Weapon Emporium.
  2843 | D:3      | Noticed Terence
  2851 | D:3      | Killed Terence
  2852 | D:3      | Reached skill level 6 in Spellcasting
  2852 | D:3      | Reached XP level 5. HP: 29/29 MP: 11/15
  2891 | D:3      | Found a faded altar of an unknown god.
  3129 | D:4      | Reached skill level 1 in Shields
  3370 | D:4      | Noticed a water moccasin
  3380 | D:4      | Found Leczok's General Store.
  3380 | D:4      | Noticed Duvessa
  3380 | D:4      | Noticed Dowan
  3384 | D:4      | Killed a water moccasin
  3385 | D:4      | Reached skill level 1 in Air Magic
  3385 | D:4      | Reached XP level 6. HP: 2/34 MP: 2/17
  3385 | D:4      | Gained mutation: You are covered in fur. (AC +1) [potion of
                  | mutation]
  3385 | D:4      | Gained mutation: Your body sometimes deteriorates upon
                  | taking damage. [potion of mutation]
  3385 | D:4      | Gained mutation: You are frail. (-10% HP) [potion of
                  | mutation]
  3386 | D:4      | HP: 1/30 [poisoned by a water moccasin]
  3386 | D:4      | Mangled by Duvessa

Illustrated notes

Levels and vault maps discovered:
D:1:      sevenhm_arrival_forest_fort_large_2, layout_loops_ring
D:2:      layout_basic
D:3:      layout_rooms, marbit_many_paths, ebering_ecumenical_altar_mist,
          serial_shops, shop, chequers_serial_rivers_micro_d, uniq_terence
D:4:      layout_rooms, nicolae_overflow_hallway_of_the_gods, serial_shops,
          shop, serial_rivers, chequers_serial_rivers_marsh,
          chequers_serial_rivers_micro_c, chequers_serial_rivers_micro_c,
          chequers_serial_rivers_micro_e, chequers_serial_rivers_large_a,
          chequers_serial_rivers_room_b, uniq_duvessa, uniq_eustachio

Skill      XL: |  1  2  3  4  5 |
---------------+----------------+-----
Spellcasting   | 5 6 |  6.9
Fighting       | 1 |  1.0
Armour         | 1 |  1.0
Conjurations   | 2 3 |  3.1
Dodging        | 3 |  3.0
Shields        | 1 |  1.0
Stealth        | 3 |  3.3
Air Magic      | 1 |  1.3
Summonings     | |  1.1
Translocations | |  1.1

Action                   |  1- 3 |  4- 6 || total
-------------------------+-------+-------++-------
Melee: Dagger            |     5 |       ||     5
       Glaive            |     8 |    28 ||    36
 Cast: Magic Dart        |    69 |    50 ||   119
       Blink             |     2 |     3 ||     5
       Mephitic Cloud    |       |     7 ||     7
       Call Imp          |       |     1 ||     1
  Use: Potion            |       |     1 ||     1
 Stab: Sleeping          |     1 |       ||     1
       Confused          |       |     4 ||     4
Armor: Leather armour    |    13 |    10 ||    23
Dodge: Dodged            |    30 |    41 ||    71

Table legend: (Time is in decaauts)
 A = Elapsed time spent in this place.
 B = Non-inter-level travel time spent in this place.
 C = Inter-level travel time spent in this place.
 D = Time resting spent in this place.
 E = Time spent auto-exploring this place.
 F = Levels seen in this place.
 G = Mean time per level.
                   A        B        C        D        E       F      G
               +--------+--------+--------+--------+--------+-----+--------+
         Total |   3415 |   3352 |     63 |    271 |   2628 |   4 |  853.8 |
       Dungeon |   3415 |   3352 |     63 |    271 |   2628 |   4 |  853.8 |
               +--------+--------+--------+--------+--------+-----+--------+

Top non-repeatable levels by time:
     D:2: 1489 daAuts
     D:1: 1036 daAuts
     D:3: 614 daAuts
     D:4: 275 daAuts
